 Dungeon Crawl Stone Soup version 0.29-a0-459-g97dee8cd24 (webtiles) character file.

Game seed: 10247855909479946979

219 happo123 the Magician (level 6, 0/42 HPs)
             Began as a Djinni Earth Elementalist on May 20, 2022.
             Slain by a hobgoblin (5 damage)
             ... led by Robin
             ... on level 4 of the Dungeon.
             The game lasted 00:22:39 (3328 turns).

happo123 the Magician (Djinni Earth Elementalist)   Turns: 3328, Time: 00:22:40

Health: 0/42       AC:  5    Str:  7    XL:     6   Next: 18%
Gold:   183        EV: 13    Int: 19    God:
                   SH:  0    Dex: 13

rFire   + + +      SeeInvis .   r - +3 quarterstaff (chaos)
rCold   x x .      Faith    .   (shield currently unavailable)
rNeg    . . .      Spirit   .   k - +1 robe {rF+}
rPois   ∞          Reflect  .   (no helmet)
rElec   .          Harm     .   s - +0 cloak
rCorr   .          Rampage  .   q - +0 pair of gloves
Will    .....                   (boots unavailable)
Stlth   ++........              (no amulet)
HPRegen 0.14/turn               o - ring of fire
MPRegen 0.00/turn               (no ring)

@: flying, very slightly contaminated
A: sickness immunity, fire resistance 2, cold vulnerability 1, float, innate
caster, HP casting, extra vitality 1
a: no special abilities


You were on level 4 of the Dungeon.
You visited 1 branch of the dungeon, and saw 4 of its levels.

You collected 183 gold pieces.

Inventory:

Hand Weapons
 n - a +1 falchion of venom
 r - a +3 quarterstaff of chaos (weapon)
Missiles
 a - 61 stones
Armour
 k - a +1 robe of fire resistance (worn)
 q - a +0 pair of gloves (worn)
 s - a +0 cloak (worn)
Jewellery
 o - a ring of fire (left hand)
Scrolls
 c - 2 scrolls of amnesia {unknown}
 d - 5 scrolls of identify {unknown}
 e - 3 scrolls of noise {unknown}
 h - 2 scrolls of fog {unknown}
 i - a scroll of teleportation {unknown}
 l - a scroll of magic mapping {unknown}
 m - a scroll of torment {unknown}
 p - a scroll of fear {unknown}
Potions
 b - a potion of might {unknown}
 f - 2 potions of curing {unknown}
 g - a potion of ambrosia {unknown}
 j - a potion of haste {unknown}


   Skills:
 + Level 1.5 Fighting
 + Level 1.6 Armour
 + Level 3.2 Dodging
 * Level 3.2 Stealth
 * Level 3.3 Spellcasting


You couldn't memorise any spells.
You knew the following spells:

 Your Spells              Type           Power      Damage    Failure   Level
a - Sandblast             Erth           32%        2d9       3%          1
b - Passwall              Tmut/Erth      13%        N/A       5%          2
c - Stone Arrow           Conj/Erth      32%        3d9       11%         3
d - Petrify               Tmut/Erth      16%        N/A       36%         4
e - Freeze                Ice            64%        1d8       3%          1
f - Call Imp              Summ           16%        N/A       5%          2
Your spell library was empty.

Dungeon Overview and Level Annotations

Branches:
Dungeon (4/15)
 Temple: D:4-7

Altars:

Shops:
D:1 [?:!

Annotations:
D:4 Robin


Innate Abilities, Weirdness & Mutations

You are immune to sickness and miasma.
You are immune to poison.
Your flesh is very heat resistant. (rF++)
You are vulnerable to cold. (rC-)
You float through the air rather than walking.
You learn spells naturally, not from books.
Your magical power is your life essence.
You have superior vitality. (+4 MHP)


Message History

The goblin dies!
The goblin hits your iron imp with a +0 club.
Your iron imp dies!
Your iron imp disappears in a puff of smoke!
Casting: Sandblast (safe; 3% risk of failure)
Confirm with . or Enter, or press ? or * to list all spells.
You miscast Call Imp.
You are very lightly contaminated with residual magic.
Nothing appears to happen.
Robin hits you from afar with a +0 trident.
The goblin barely misses you. The goblin hits you with a +0 dagger.
Casting: Call Imp (safe; 5% risk of failure)
Confirm with . or Enter, or press ? or * to list all spells.
A beastly little devil appears in a puff of flame.
Robin hits you but does no damage. The goblin misses you.
The hobgoblin closely misses you. The goblin barely misses you.
You hit the goblin.
You kill the goblin!
The goblin no longer looks unusually strong.
The giant cockroach closely misses you. The goblin misses you.
The hobgoblin closely misses you. Robin throws the goblin at you!
The goblin hits you but does no damage. The goblin hits you with a +0 dagger.
Your crimson imp closely misses the hobgoblin.
The giant cockroach bites you but does no damage.
You hit the goblin. You burn the goblin.
You kill the goblin!
The goblin no longer looks unusually strong.
Robin hits you from afar with a +0 trident.
The goblin hits you but does no damage. The hobgoblin hits you.
* * * LOW HITPOINT WARNING * * *
The giant cockroach closely misses you.
Your crimson imp barely misses the hobgoblin.
The goblin hits you with a +0 dagger.
* * * LOW HITPOINT WARNING * * *
Robin roars a battlecry!
The goblins go into a battle-frenzy!
The goblin hits you with a +0 dagger.
* * * LOW HITPOINT WARNING * * *
The hobgoblin hits you.
You die...

......# #........
......# ##...gg#.#
......# ......g#.#
......# #.....#.#
......# ##.....#)#
......#.##....†#.#
......#.##....g#.######.
.........>....lBg.......
#####.#.##....)g@######.
......#.##....5gg#
........##.......#
........#######..#
........# #..# ........#
#..# ........# #..#
..####..#######..# #.#
...........#


You could see an iguana, Robin, a giant cockroach (ally target), a hobgoblin
(strong), 3 goblins and a friendly crimson imp (summoned).

Vanquished Creatures
  2 hounds
  5 adders
  2 dart slugs
  An orc (D:4)
  6 ball pythons
  9 endoplasms
  5 giant cockroaches
  13 goblins
  7 hobgoblins
  4 jackals (D:1)
  5 kobolds
  A quokka (D:4)
  5 bats
  3 frilled lizards
  5 rats
73 creatures vanquished.

Vanquished Creatures (collateral kills)
  Crazy Yiuf (D:4)
  A goblin (D:4)
  A hobgoblin (D:4)
3 creatures vanquished.

Grand Total: 76 creatures vanquished

Notes
Turn   | Place    | Note
-------+----------+-------------------------------------------
     0 | D:1      | happo123 the Djinni Earth Elementalist began the quest for
                  | the Orb.
     0 | D:1      | Reached XP level 1. HP: 15/15 MP: 0/0
     6 | D:1      | Found Cifu's Magic Scroll Shoppe.
    34 | D:1      | Found Lerietis's Armour Emporium.
   188 | D:1      | Reached XP level 2. HP: 17/21 MP: 0/0
   570 | D:1      | Reached XP level 3. HP: 23/26 MP: 0/0
   570 | D:1      | Learned a level 1 spell: Freeze
   675 | D:1      | Found Usaex's Book Emporium.
   716 | D:1      | Found Keth's Distillery.
  1505 | D:2      | You are sucked into a shaft and drop 2 floors!
  1514 | D:4      | Reached XP level 4. HP: 29/31 MP: 0/0
  1718 | D:2      | Reached skill level 1 in Fighting
  1718 | D:2      | Reached skill level 1 in Armour
  1802 | D:2      | Reached XP level 5. HP: 22/37 MP: 0/0
  1802 | D:2      | Learned a level 2 spell: Call Imp
  3254 | D:4      | Found a runed translucent door.
  3255 | D:4      | Noticed Crazy Yiuf
  3265 | D:4      | Killed Crazy Yiuf
  3266 | D:4      | Reached XP level 6. HP: 34/42 MP: 0/0
  3314 | D:4      | Noticed Robin
  3328 | D:4      | Slain by a hobgoblin

Illustrated notes

Levels and vault maps discovered:
D:1:      dpeg_arrival_prison, layout_loops_corners, serial_shops,
          nicolae_shop_statue_plus, nicolae_shop_stone, nicolae_shop_crystal,
          nicolae_shop_trees, minmay_misc_feat_enclosed, chequers_big_river
D:2:      layout_basic
D:3:      layout_basic
D:4:      layout_basic, uniq_crazy_yiuf_cottage, uniq_robin

Skill      XL: |  1  2  3  4  5 |
---------------+----------------+-----
Stealth        | 2 3 |  3.2
Fighting       | 1 |  1.5
Armour         | 1 |  1.6
Spellcasting   | 3 |  3.3
Dodging        | 3 |  3.2

Action                   |  1- 3 |  4- 6 || total
-------------------------+-------+-------++-------
Melee: Falchion          |       |     1 ||     1
       Quarterstaff      |       |     2 ||     2
 Cast: Sandblast         |    51 |    60 ||   111
       Call Imp          |       |     6 ||     6
       Passwall          |       |     1 ||     1
Armor: Robe              |     3 |     7 ||    10
Dodge: Dodged            |     6 |    37 ||    43

Table legend: (Time is in decaauts)
 A = Elapsed time spent in this place.
 B = Non-inter-level travel time spent in this place.
 C = Inter-level travel time spent in this place.
 D = Time resting spent in this place.
 E = Time spent auto-exploring this place.
 F = Levels seen in this place.
 G = Mean time per level.
                   A        B        C        D        E       F      G
               +--------+--------+--------+--------+--------+-----+--------+
         Total |   3326 |   1780 |   1546 |      0 |   1279 |   4 |  831.5 |
       Dungeon |   3326 |   1780 |   1546 |      0 |   1279 |   4 |  831.5 |
               +--------+--------+--------+--------+--------+-----+--------+

Top non-repeatable levels by time:
     D:1: 1246 daAuts
     D:2: 740 daAuts
     D:3: 724 daAuts
     D:4: 616 daAuts
